 Dungeon Crawl Stone Soup version 0.19-a0-526-gbe2e51c (webtiles) character file.

27973 Kidiri the Thaumaturge (level 13, 0/72 HPs)
             Began as a Deep Elf Fire Elementalist on June 7, 2016.
             Was a High Priest of Vehumet.
             Slain by a fire crab (6 damage)
             ... on level 6 of the Lair of Beasts.
             The game lasted 01:29:38 (22388 turns).

Kidiri the Thaumaturge (DEFE)                      Turns: 22388, Time: 01:29:39

Health: 0/72       AC: 14    Str:  5    XL:     13   Next: 7%
Magic:  5/31       EV: 15    Int: 31    God:    Vehumet [*****.]
Gold:   643        SH:  8    Dex: 15    Spells: 10 memorised, 3 levels left

rFire  + . .     SeeInvis .     t - +7 falchion (vamp)
rCold  + + .     Gourm    .     B - +3 leather armour
rNeg   . . .     Faith    .     s - +3 buckler
rPois  +         Spirit   .     K - +2 hat
rElec  +         Dismiss  .     D - +2 cloak {rPois}
rCorr  +         Reflect  .     (no gloves)
SustAt .         Harm     .     (no boots)
MR     ++...                    p - amulet of magic regeneration
Stlth  ++........               O - ring of protection from cold
                                a - +3 ring of protection

@: brilliant, resistant, delayed fireball, very resistant to hostile
enchantments, unstealthy
A: magic resistance 1, mutation resistance 1, poison resistance
a: Renounce Religion, Release Delayed Fireball


You were on level 6 of the Lair of Beasts.
You worshipped Vehumet.
Vehumet was extremely pleased with you.
You were very full.

You visited 3 branches of the dungeon, and saw 15 of its levels.

You collected 643 gold pieces.

Inventory:

Hand Weapons
 i - a +1 dagger
 t - a +7 vampiric falchion (weapon)
Armour
 s - a +3 buckler (worn)
 B - a +3 leather armour (worn)
 D - a +2 cloak of poison resistance (worn)
 G - a +2 leather armour of cold resistance
 K - a +2 hat (worn)
Jewellery
 a - a +3 ring of protection (left hand)
 f - a +3 ring of protection
 p - an amulet of magic regeneration (around neck)
 w - an uncursed ring of protection from magic
 y - a +4 amulet of reflection
 O - a ring of protection from cold (right hand)
Wands
 d - a wand of paralysis (12/24)
 k - a wand of lightning (6/15)
 o - a wand of slowing (21/48)
 u - a wand of iceblast (6/15)
 I - a wand of teleportation (7/9)
 P - a wand of confusion (36/48)
Scrolls
 e - 3 scrolls of recharging
 g - 6 scrolls of remove curse
 r - 2 scrolls of fear
Potions
 h - 2 potions of curing
 j - 3 potions of agility
 m - 4 potions of lignification
 n - a potion of resistance
 q - 2 potions of berserk rage
 x - a potion of flight
 z - a potion of brilliance
 E - a potion of beneficial mutation {unknown}
 L - 2 potions of cure mutation {unknown}
 M - 2 potions of heal wounds {unknown}
Books
 A - a book of Ice

   Spells                             Type                      Level
   a - Ice Form                       Ice/Transmutation            4
   b - Metabolic Englaciation         Hexes/Ice                    5
   c - Ozocubu's Refrigeration        Ice                          6
   d - Bolt of Cold                   Conjuration/Ice              6
   e - Freezing Cloud                 Conjuration/Ice/Air          6
   f - Simulacrum                     Ice/Necromancy               6
 H - a book of Fire

   Spells                             Type                      Level
   a - Ignite Poison                  Fire/Transmutation/Poison    3
   b - Fireball                       Conjuration/Fire             5
   c - Bolt of Fire                   Conjuration/Fire             6
   d - Delayed Fireball               Conjuration/Fire             7
   e - Ring of Flames                 Charms/Fire                  7
Comestibles
 b - 2 fruits
 c - 13 bread rations
 l - 6 meat rations
 v - 9 chunks of flesh
 C - a slice of pizza


   Skills:
 + Level 4.4 Fighting
 + Level 5.6 Short Blades
 + Level 4.5 Armour
 + Level 7.3 Dodging
 - Level 2.4 Stealth
 + Level 4.6 Shields
 * Level 12.4 Spellcasting
 * Level 10.3 Conjurations
 * Level 10.4 Fire Magic
 + Level 4.2 Ice Magic
 + Level 3.8 Air Magic
 + Level 0.2 Earth Magic
 + Level 4.6 Poison Magic
 + Level 6.3 Evocations


You had 3 spell levels left.
You knew the following spells:

 Your Spells              Type           Power        Failure   Level  Hunger
a - Flame Tongue          Conj/Fire      #####        1%          1    None
b - Throw Flame           Conj/Fire      ######       1%          2    None
c - Conjure Flame         Conj/Fire      #######.     1%          3    None
d - Inner Flame           Hex/Fire       ######..     1%          3    None
e - Sticky Flame          Conj/Fire      #######.     1%          4    None
f - Fireball              Conj/Fire      #######...   1%          5    #......
g - Delayed Fireball      Conj/Fire      N/A          9%          7    ######.
h - Bolt of Magma         Conj/Fire/Erth ######....   1%          5    #......
i - Poisonous Cloud       Conj/Pois/Air  ######....   8%          6    ####...
j - Throw Frost           Conj/Ice       ######       1%          2    None


Dungeon Overview and Level Annotations

Branches:
Dungeon (8/15)             Temple (1/1) D:5            Lair (6/8) D:8
  Swamp (0/4) Lair:3        Snake (0/4) Lair:5
  Slime: Lair:6-8

Altars:
Ashenzari
Dithmenos
Elyvilon
Fedhas
Gozag
Hepliaklqana
Kikubaaqudgha
Makhleb
Okawaru
Pakellas
Qazlal
Ru
Sif Muna
Trog
Uskayaw
Vehumet
Yredelemnul
Zin
The Shining One


Innate Abilities, Weirdness & Mutations

You are resistant to hostile enchantments. (MR+)
You are somewhat resistant to further mutation.
Your system is resistant to poisons. (rPois)


Message History

Josephine burns!
You kill Josephine!
Vehumet accepts your kill.
You feel your power returning. The wraith hits you but does no damage.
You block the fire crab's attack. The fire crab claws you.
* * * LOW HITPOINT WARNING * * *
You are engulfed in flames!
* * * LOW HITPOINT WARNING * * *
Unknown command.
You feel better. The wraith closely misses you.
The fire crab breathes flames at you. The blast of flame engulfs you!
You feel protected.
You are engulfed in roaring flames.
You resist.
* * * LOW HITPOINT WARNING * * *
The wraith is engulfed in roaring flames.
The wraith misses you. The fire crab bites you.
* * * LOW HITPOINT WARNING * * *
You are engulfed in flames.
You resist.
You die...

.....#........#..#P.......
...
...............#.P........
.#.
#............#............
.#
#....#....................
.....##......P............
......#.......P....#......
..............#...#.......
.P..P..........tW§........
.
P.P.###÷.......§@§........
.
..P.............§§........
...
..........................
...
..........................
...
................#.####..P.
... ...P...........####
.P#. ... #......###+#.###
.# ... ..........(.... ...
.....P.#...... ...


You could see a fire crab and a wraith.

Vanquished Creatures
  Josephine (Lair:6)
  The ghost of p0werm0de the Martial Artist, a journeyman DsEn of Cheibriados (Lair:3)
  4 hydras
  Pikel (D:6)
  2 griffons (Lair:5)
  3 black mambas
  An elephant (Lair:6)
  7 spiny frogs
  7 komodo dragons
  A troll (D:8)
  Grinder (D:5)
  18 blink frogs
  21 yaks
  3 wraiths (Lair:6)
  Eustachio (D:6)
  4 basilisks
  A hungry ghost (D:8)
  3 hippogriffs
  Menkaure (D:5)
  Edmund (D:4)
  A naga (Lair:5)
  8 porcupines
  14 water moccasins
  The ghost of casual the Ducker, an amateur TrFi (D:5)
  2 orc warriors (D:8)
  A black bear (D:5)
  2 centaurs
  19 wolves
  An ogre (D:4)
  13 crocodiles
  Blork the orc (D:6)
  15 giant frogs
  A wyvern zombie (D:7)
  A scorpion (D:5)
  3 howler monkeys
  7 electric eels
  2 crimson imps
  A centaur skeleton (D:7)
  2 giant frog zombies (D:5)
  4 hounds
  7 orc priests
  2 jellies
  Crazy Yiuf (D:6)
  A gnoll shaman (D:8)
  Terence (D:3)
  12 iguanas
  3 worker ants
  Natasha (thrice) (D:3)
  8 orc wizards
  7 sheep (Lair:4)
  A hound skeleton (D:8)
  8 gnolls
  10 adders
  44 river rats
  A shadow imp (D:8)
  3 oozes
  An adder zombie (D:5)
  6 worms
  An adder skeleton (D:6)
  4 dart slugs
  3 giant geckos
  34 orcs
  7 bats
  8 giant cockroaches
  11 goblins
  8 hobgoblins
  4 jackals
  5 quokkas
  3 ball pythons
  4 giant newts
  A jackal skeleton (D:4)
  12 kobolds
  4 rats
409 creatures vanquished.

Vanquished Creatures (others)
  A spriggan (D:7)
  A hungry ghost (D:7)
  10 fungi
  2 plants (Lair:6)
14 creatures vanquished.

Grand Total: 423 creatures vanquished

Notes
Turn   | Place    | Note
--------------------------------------------------------------
     0 | D:1      | Kidiri the Deep Elf Fire Elementalist began the quest for the Orb.
     0 | D:1      | Reached XP level 1. HP: 10/10 MP: 6/6
   378 | D:1      | Reached XP level 2. HP: 15/15 MP: 4/8
   384 | D:1      | Learned a level 2 spell: Throw Flame
   947 | D:2      | Reached XP level 3. HP: 16/19 MP: 7/10
   952 | D:2      | Learned a level 3 spell: Conjure Flame
   956 | D:2      | Learned a level 3 spell: Inner Flame
  1355 | D:2      | Reached XP level 4. HP: 8/24 MP: 5/11
  1365 | D:2      | Reached skill level 4 in Spellcasting
  2218 | D:2      | Reached XP level 5. HP: 28/28 MP: 9/13
  2883 | D:3      | Noticed Terence
  2902 | D:3      | Killed Terence
  2931 | D:3      | Learned a level 4 spell: Sticky Flame
  3066 | D:3      | Found an ancient bone altar of Kikubaaqudgha.
  3133 | D:3      | Reached skill level 5 in Fire Magic
  3364 | D:3      | You fall through a shaft for 3 floors!
  3393 | D:6      | Noticed a centaur
  3413 | D:6      | Reached skill level 5 in Spellcasting
  3413 | D:6      | Reached XP level 6. HP: 23/32 MP: 6/15
  3516 | D:5      | Entered Level 5 of the Dungeon
  3520 | D:5      | Noticed Menkaure
  3525 | D:5      | Killed Menkaure
  3657 | D:5      | Found a staircase to the Ecumenical Temple.
  3666 | Temple   | Entered the Ecumenical Temple
  3984 | D:5      | Found a shattered altar of Ashenzari.
  4046 | D:4      | Reached skill level 6 in Spellcasting
  4046 | D:4      | Reached XP level 7. HP: 28/36 MP: 7/18
  4054 | D:4      | Noticed Edmund
  4063 | D:4      | Killed Edmund
  4063 | D:4      | Reached skill level 5 in Conjurations
  4113 | D:4      | Learned a level 5 spell: Fireball
  4470 | D:3      | Noticed Natasha
  4474 | D:3      | Killed Natasha
  4739 | D:4      | Found a basalt altar of Yredelemnul.
  4742 | D:4      | Found a hide-covered altar of Uskayaw.
  5110 | D:4      | Reached skill level 1 in Short Blades
  5372 | D:4      | Reached skill level 1 in Shields
  5741 | D:5      | Reached XP level 8. HP: 20/42 MP: 13/20
  6067 | D:5      | Noticed casual's ghost (amateur TrFi)
  6080 | D:5      | Killed casual's ghost
  6080 | D:5      | Reached skill level 7 in Spellcasting
  6080 | D:5      | Reached skill level 1 in Evocations
  6263 | D:5      | Noticed Grinder
  6273 | D:5      | Killed Grinder
  6273 | D:5      | Reached skill level 1 in Fighting
  6273 | D:5      | Reached skill level 1 in Armour
  7908 | D:6      | Noticed Blork the orc
  7920 | D:6      | Killed Blork the orc
  7920 | D:6      | Reached XP level 9. HP: 39/47 MP: 14/22
  7987 | D:6      | Noticed Crazy Yiuf
  7997 | D:6      | Killed Crazy Yiuf
  8057 | D:6      | Found an opulent altar of Gozag.
  8356 | D:6      | Noticed Eustachio
  8369 | D:6      | Killed Eustachio
  8369 | D:6      | Reached skill level 8 in Spellcasting
  8507 | D:5      | Found a radiant altar of Vehumet.
  8531 | D:5      | Became a worshipper of Vehumet
  8573 | D:7      | Noticed Pikel
  8582 | D:6      | Killed Pikel
  9296 | D:7      | Found a bloodstained altar of Trog.
  9842 | D:8      | Noticed a troll
  9858 | D:8      | Killed a troll
  9919 | D:8      | Reached skill level 9 in Spellcasting
  9930 | D:8      | Reached XP level 10. HP: 31/54 MP: 1/25
 10092 | D:8      | Found a staircase to the Lair.
 10639 | D:8      | Reached * piety under Vehumet
 10639 | D:8      | Offered knowledge of Freeze by Vehumet.
 10642 | D:8      | Learned a level 1 spell: Freeze
 11095 | D:8      | Found a bloodstained altar of Trog.
 11221 | D:8      | Reached skill level 5 in Dodging
 11475 | D:3      | Noticed Natasha
 11477 | D:3      | Killed Natasha
 11518 | D:3      | Noticed Natasha
 11525 | D:3      | Killed Natasha
 11774 | Lair:1   | Entered Level 1 of the Lair of Beasts
 11786 | Lair:1   | Reached ** piety under Vehumet
 11869 | Lair:1   | Noticed a spiny frog
 11880 | Lair:1   | Killed a spiny frog
 11880 | Lair:1   | Reached skill level 1 in Ice Magic
 12300 | Lair:1   | Offered knowledge of Sting by Vehumet.
 12311 | Lair:1   | Learned a level 4 spell: Olgreb's Toxic Radiance
 13405 | Lair:2   | Reached skill level 1 in Poison Magic
 13411 | Lair:2   | Reached skill level 10 in Spellcasting
 13531 | Lair:2   | Learned a level 6 spell: Poisonous Cloud
 13576 | Lair:2   | Got a pair of twisted boots
 13582 | Lair:2   | Identified the +2 pair of boots "Nyptuhot" {-Cast +Inv Regen+} (You found it on level 2 of the Lair of Beasts)
 13612 | Lair:2   | Noticed a lindwurm
 13615 | Lair:2   | Noticed a lindwurm
 13616 | Lair:2   | Noticed a lindwurm
 13618 | Lair:2   | Noticed a lindwurm
 13658 | Lair:2   | Noticed a spiny frog
 13665 | Lair:2   | Killed a spiny frog
 13777 | Lair:2   | Noticed a spiny frog
 13783 | Lair:2   | Killed a spiny frog
 14016 | Lair:2   | Reached XP level 11. HP: 52/60 MP: 15/27
 14533 | Lair:3   | Found a staircase to the Swamp.
 14627 | Lair:3   | Noticed p0werm0de's ghost (journeyman DsEn)
 14821 | Lair:3   | Killed p0werm0de's ghost
 14821 | Lair:3   | Reached skill level 1 in Air Magic
 15386 | Lair:3   | Offered knowledge of Throw Frost by Vehumet.
 15649 | Lair:3   | Learned a level 2 spell: Throw Frost
 16574 | Lair:2   | Reached *** piety under Vehumet
 16833 | Lair:4   | Reached skill level 5 in Evocations
 16886 | Lair:4   | Noticed a five-headed hydra
 16895 | Lair:4   | Killed a five-headed hydra
 17229 | Lair:4   | Reached skill level 11 in Spellcasting
 17342 | Lair:4   | Learned a level 7 spell: Delayed Fireball
 17373 | Lair:4   | Offered knowledge of Mephitic Cloud by Vehumet.
 17955 | Lair:4   | Reached XP level 12. HP: 62/66 MP: 5/29
 17956 | Lair:4   | Reached skill level 5 in Short Blades
 18381 | Lair:4   | Reached **** piety under Vehumet
 18388 | Lair:4   | Noticed an eight-headed hydra
 18394 | Lair:4   | Killed an eight-headed hydra
 19289 | Lair:5   | Noticed a six-headed hydra
 19293 | Lair:5   | Gained mutation: Your system is resistant to poisons. (rPois) [potion of mutation]
 19293 | Lair:5   | Gained mutation: You are resistant to hostile enchantments. (MR+) [potion of mutation]
 19293 | Lair:5   | Gained mutation: You are somewhat resistant to further mutation. [potion of mutation]
 19314 | Lair:5   | Reached skill level 10 in Fire Magic
 19329 | Lair:5   | Killed a six-headed hydra
 19557 | Lair:5   | Noticed a four-headed hydra
 19563 | Lair:5   | Killed a six-headed hydra
 19764 | Lair:5   | Offered knowledge of Irradiate by Vehumet.
 19833 | Lair:5   | Found a staircase to the Snake Pit.
 20084 | Lair:5   | Reached skill level 12 in Spellcasting
 20532 | Lair:5   | Reached skill level 10 in Conjurations
 21288 | Lair:6   | Noticed a six-headed hydra
 21415 | Lair:6   | Reached ***** piety under Vehumet
 21545 | Lair:6   | Offered knowledge of Bolt of Magma by Vehumet.
 21793 | Lair:6   | Learned a level 5 spell: Bolt of Magma
 22162 | Lair:6   | Reached XP level 13. HP: 59/71 MP: 22/31
 22371 | Lair:6   | Noticed Josephine
 22386 | Lair:6   | Killed Josephine
 22388 | Lair:6   | Slain by a fire crab

Vault maps used:
D:1:      tarquinn_simple_flora_water_a
D:2:      first_bread, hangedman_decor_push, roderic_lattice_a
D:3:      overflow_temple_1_default, uniq_terence, uniq_natasha
D:4:      grunt_temple_overflow_open, uniq_edmund
D:5:      nicolae_overflow_hidden_temple, minmay_temple_entry_trees,
          minivault_1, minmay_small_thing, uniq_grinder, uniq_menkaure
D:6:      lemuel_coloured_pillars_altar, portal_sewer_entry_c,
          uniq_crazy_yiuf_cottage, uniq_eustachio, uniq_blork_the_orc
D:7:      lemuel_crystal_altar, the_bakery, minmay_parallelograms, uniq_pikel
D:8:      erik_lair_island, trog_hazing_becter
Temple:   chambers_temple_12
Lair:1:   st_stairs_5
Lair:2:   minmay_lindwurm_lava
Lair:3:   minmay_swamp_entry_eels
Lair:4:   grunt_megastairs_3
Lair:5:   guppyfry_snake_entry_garden, lemuel_fruit_tree, serial_bayou_shore_a
Lair:6:   hangedman_lair_generics_rect, grunt_megastairs_5, uniq_josephine

Skill      XL: |  1  2  3  4  5  6  7  8  9 10 11 12 |
---------------+-------------------------------------+-----
Conjurations   | 2 3 4 5 6 7 8 9 10 | 10.3
Fire Magic     | 4 5 6 7 8 9 10 | 10.4
Spellcasting   | 4 5 6 7 9 10 11 12 | 12.4
Short Blades   | 1 2 3 4 5 |  5.6
Dodging        | 3 4 5 6 7 |  7.3
Shields        | 1 2 3 4 |  4.6
Evocations     | 2 3 4 5 6 |  6.3
Fighting       | 1 2 3 4 |  4.4
Armour         | 1 2 3 4 |  4.5
Ice Magic      | 2 3 4 |  4.2
Poison Magic   | 2 3 4 |  4.6
Air Magic      | 2 3 |  3.8
Stealth        | |  2.4
Earth Magic    | |  0.2

Action                   |  1- 3 |  4- 6 |  7- 9 | 10-12 | 13-15 || total
-------------------------+-------+-------+-------+-------+-------++-------
Melee: Whip              |     9 |     7 |    11 |       |       ||    27
       Long sword        |       |     1 |       |       |       ||     1
       Falchion          |       |       |    58 |   320 |     4 ||   382
 Cast: Flame Tongue      |    39 |    73 |   145 |   299 |     6 ||   562
       Throw Flame       |     6 |    24 |    36 |    96 |     1 ||   163
       Conjure Flame     |     4 |     3 |     3 |    11 |       ||    21
       Inner Flame       |     1 |     1 |     5 |     4 |       ||    11
       Sticky Flame      |       |     2 |    27 |   116 |     5 ||   150
       Fireball          |       |       |     2 |    10 |     4 ||    16
       Olgreb's Toxic Ra |       |       |       |     4 |       ||     4
       Throw Frost       |       |       |       |     8 |       ||     8
       Delayed Fireball  |       |       |       |     1 |       ||     1
       Bolt of Magma     |       |       |       |       |     2 ||     2
  Use: Scroll            |     4 |     6 |     9 |    13 |       ||    32
       Potion            |     2 |       |       |     4 |     3 ||     9
 Stab: Sleeping          |       |     2 |     3 |     2 |       ||     7
  Eat: Chunk             |     2 |     4 |    14 |    23 |       ||    43
       Beef jerky        |       |     2 |       |     4 |       ||     6
       Royal jelly       |       |     1 |       |     2 |       ||     3
       Fruit             |       |       |     4 |    14 |       ||    18
       Pizza             |       |       |     1 |       |       ||     1
       Meat ration       |       |       |       |     1 |       ||     1
Armor: Robe              |     5 |       |    13 |     4 |       ||    22
       Leather armour    |       |       |       |   102 |     3 ||   105
Dodge: Dodged            |    20 |    18 |    44 |   271 |     6 ||   359
Block: Buckler           |       |     4 |    73 |   265 |     5 ||   347
       Reflection        |       |       |     2 |     1 |       ||     3
